 Dungeon Crawl Stone Soup version 0.30.1-11-g7821555f0a (webtiles) character file.

Game seed: 1844851836074393524

23 Scypho the Chopper (level 2, 0/26 HPs)
             Began as a Minotaur Fighter on Dec 2, 2023.
             Slain by Terence
             ... wielding a +0 trident
              (5 damage)
             ... on level 2 of the Dungeon.
             The game lasted 00:01:23 (676 turns).

Scypho the Chopper (Minotaur Fighter)                Turns: 676, Time: 00:01:23

Health: 0/26       AC:  6    Str: 20    XL:     2   Next: 75%
Magic:  1/1        EV:  9    Int:  5    God:
Gold:   46         SH:  4    Dex:  9    Spells: 1/1 levels left

rFire   . . .        a - +0 war axe
rCold   . . .        c - +0 buckler
rNeg    . . .        b - +0 scale mail
rPois   .            (helmet restricted)
rElec   .            (no cloak)
rCorr   .            (no gloves)
SInv    .            (no boots)
Will    .....        (no amulet) Stlth
                     (no ring)
HPRegen 0.24/turn    (no ring)
MPRegen 0.07/turn

%: no passive effects
@: attractive
A: horns 2, retaliatory headbutt
a: no special abilities


You were on level 2 of the Dungeon.
You visited 1 branch of the dungeon, and saw 2 of its levels.

You collected 46 gold pieces.

Inventory:

Hand Weapons
 a - a +0 war axe (weapon)
Armour
 b - a +0 scale mail (worn)
 c - a +0 buckler (worn)
Potions
 d - a potion of might
 e - 2 potions of mutation


   Skills:
 - Level 3.6 Fighting
 + Level 4.1 Axes
 - Level 3.6 Armour
 - Level 3.6 Shields


You had one spell level left.
You didn't know any spells.
Your spell library contained the following spells:

 Spells                   Type           Power      Damage    Failure   Level
 Manifold Assault         Tloc           0%         N/A       100%        4
 Dispersal                Tloc           0%         N/A       100%        6
 Disjunction              Tloc           0%         N/A       100%        8


Dungeon Overview and Level Annotations

Branches:
Dungeon (2/15)

Altars:

Shops:
D:1 =

Annotations:
D:2 Terence


Innate Abilities, Weirdness & Mutations

You have a pair of horns on your head.
You reflexively headbutt those who attack you in melee.


Message History

There is a stone staircase leading up here.
There are monsters nearby!
There are monsters nearby!
A hobgoblin comes into view.
You closely miss the hobgoblin. Terence closely misses you.
The hobgoblin completely misses you.
You closely miss the hobgoblin. Terence completely misses you.
The hobgoblin closely misses you.
You hit the hobgoblin.
Terence hits you from afar with a +0 trident.
The hobgoblin closely misses you. Terence hits you but does no damage.
The hobgoblin hits you but does no damage.
You slash the hobgoblin!
You kill the hobgoblin!
Terence hits you from afar with a +0 trident!
Terence barely misses you.
You see here a hobgoblin corpse.
You hit Terence. Your headbutt misses Terence.
Terence hits you but does no damage.
You hit Terence but do no damage. Terence closely misses you.
You furiously retaliate!
You headbutt Terence.
An endoplasm comes into view.
Terence hits you with a +0 trident!
* * * LOW HITPOINT WARNING * * *
You barely miss Terence.
The endoplasm quivers.
Terence hits you with a +0 trident.
* * * LOW HITPOINT WARNING * * *
It was a potion of attraction.
You feel attractive to monsters. Terence barely misses you.
It was a potion of curing.
You feel better. Terence hits you with a +0 trident.
You hit Terence but do no damage. Terence hits you with a +0 trident.
* * * LOW HITPOINT WARNING * * *
You hit Terence. Your headbutt misses Terence. You block Terence's attack.
You barely miss Terence. You headbutt Terence, but do no damage.
Terence hits you with a +0 trident!
* * * LOW HITPOINT WARNING * * *
Terence hits you with a +0 trident.
You die...

## .. #######.#
#J@@....#
##.#####.#
#.<........
......@...........
######.........
#.. #......... #
.........)
#..###J.#$# #..
.....


You could see Terence and an endoplasm.

Vanquished Creatures
  2 ball pythons (D:1)
  2 bats (D:1)
  5 endoplasms (D:1)
  A giant cockroach (D:1)
  2 goblins (D:1)
  3 hobgoblins
  A kobold (D:1)
  2 frilled lizards (D:1)
  A rat (D:1)
19 creatures vanquished.

Notes
Turn   | Place    | Note
-------+----------+-------------------------------------------
     0 | D:1      | Scypho the Minotaur Fighter began the quest for the Orb.
     0 | D:1      | Reached XP level 1. HP: 19/19 MP: 0/0
    44 | D:1      | Reached skill level 3 in Axes
   204 | D:1      | Reached XP level 2. HP: 26/26 MP: 1/1
   393 | D:1      | Found Sanekhly's Jewellery Boutique.
   435 | D:1      | Reached skill level 4 in Axes
   657 | D:2      | Noticed Terence
   676 | D:2      | Slain by Terence

Illustrated notes

Levels and vault maps discovered:
D:1:      psy_arrival_spokes, layout_basic, serial_shops, shop
D:2:      layout_loops_ring, shapermc_ecumenical_altar_pompeii,
          minmay_misc_feat_four_crosses, uniq_terence, uniq_crazy_yiuf_cottage,
          uniq_robin

Skill      XL: |  1  2 |
---------------+-------+-----
Axes           | 3 4 |  4.1
Fighting       | |  3.6
Armour         | |  3.6
Shields        | |  3.6

Action                     || total
---------------------------++-------
  Melee: War axe           ||    45
         Headbutt          ||     4
    Use: Potion            ||     2
         Scroll            ||     1
 Armour: Scale mail        ||    15
  Dodge: Dodged            ||    23
  Block: Buckler           ||     7
